 Dungeon Crawl Stone Soup version 0.19.1-1-g22dce08 (webtiles) character file.

3367 godfroggy the Cutter (level 10, 0/47 HPs)
             Began as a Vine Stalker Enchanter on Jan 8, 2017.
             Was a Believer of Dithmenos.
             Slain by a killer bee (7 damage)
             ... on level 8 of the Dungeon.
             The game lasted 00:53:52 (8109 turns).

godfroggy the Cutter (Vine Stalker Enchanter)       Turns: 8109, Time: 00:53:53

Health: 0/47       AC:  9    Str: 14    XL:     10   Next: 3%
Magic:  0/16       EV: 14    Int: 16    God:    Dithmenos [**....]
Gold:   88         SH:  7    Dex: 17    Spells: 3 memorised, 10 levels left

rFire  . . .     SeeInvis .     s - +2 rapier
rCold  . . .     Gourm    +     b - +1 robe
rNeg   . . .     Faith    .     L - +1 buckler
rPois  .         Spirit   +     (no helmet)
rElec  .         Reflect  .     y - +1 cloak
rCorr  .         Harm     .     r - +1 pair of gloves {Str+3}
MR     +....                    f - +1 pair of boots
Stlth  ++++......               u - amulet of the gourmand
                                (no ring)
                                (no ring)

@: very slightly contaminated, wreathed by umbra
A: fangs 3, regeneration 1, magic shield, antimagic bite, no device heal 3, rot
immunity
a: Shadow Step, Renounce Religion


You were on level 8 of the Dungeon.
You worshipped Dithmenos.
Dithmenos was pleased with you.
You were not hungry.

You visited 2 branches of the dungeon, and saw 9 of its levels.
You also visited: Sewer and Ossuary.

You collected 360 gold pieces.
You spent 272 gold pieces at shops.

Inventory:

Hand Weapons
 a - a +2 dagger
 s - a +2 rapier (weapon)
Armour
 b - a +1 robe (worn)
 f - a +1 pair of boots (worn)
 r - a +1 pair of gloves of strength (worn)
 t - a +0 leather armour
 y - a +1 cloak (worn)
 L - a +1 buckler (worn)
Jewellery
 o - an uncursed amulet of regeneration
 u - an amulet of the gourmand (around neck)
Wands
 G - a wand of acid (3/15)
Scrolls
 e - 5 scrolls of remove curse
 g - 2 scrolls of identify
 h - 3 scrolls of amnesia
 q - 2 scrolls of recharging
 w - a scroll of enchant weapon
 C - 6 scrolls of teleportation
 K - a scroll of fear
Potions
 i - 2 potions of invisibility {unknown}
 j - 4 potions of degeneration
 m - a potion of brilliance {unknown}
 p - a potion of curing
 v - a potion of magic {unknown}
 x - a potion of mutation {unknown}
 z - a potion of ambrosia {unknown}
 A - 3 potions of haste
 B - a potion of might {unknown}
 D - 3 potions of flight
 E - a potion of beneficial mutation {unknown}
 F - 2 potions of cancellation {unknown}
 H - 2 potions of lignification {unknown}
 I - a potion of heal wounds {unknown}
 J - 2 potions of resistance {unknown}
Books
 c - a book of Maledictions

   Spells                             Type                      Level
   a - Corona                         Hexes                        1
   b - Ensorcelled Hibernation        Hexes/Ice                    2
   c - Confuse                        Hexes                        3
   d - Tukima's Dance                 Hexes                        3
   e - Dazzling Spray                 Conjuration/Hexes            3
Comestibles
 d - 10 bread rations
 k - 2 meat rations
 l - 4 beef jerkies
 n - 5 fruits
 M - 7 slices of pizza


   Skills:
 - Level 2.6 Fighting
 - Level 7.5 Short Blades
 + Level 2.8 Armour
 + Level 3.4 Dodging
 - Level 5.3 Stealth
 + Level 6.3 Shields
 - Level 3.8 Spellcasting
 - Level 5.0 Hexes


You had 10 spell levels left.
You knew the following spells:

 Your Spells              Type           Power        Failure   Level  Hunger
a - Corona                Hex            ###....      2%          1    None
b - Ensorcelled Hibernat  Hex/Ice        ##....       12%         2    ##.....
c - Confuse               Hex            ###.....     10%         3    ###....


Dungeon Overview and Level Annotations

Branches:
Dungeon (8/15)             Temple (1/1) D:5
   Lair: D:8-11

Altars:
Ashenzari
Cheibriados
Dithmenos
Elyvilon
Fedhas
Gozag
Hepliaklqana
Kikubaaqudgha
Nemelex Xobeh
Okawaru
Qazlal
Ru
Sif Muna
Trog
Uskayaw
Vehumet
Xom
Yredelemnul

Shops:
D:7 [!*:?

Annotations:
D:3 Nebel's ghost, amateur MiFi
D:6 Duvessa; Exporg's ghost, novice MiFi


Innate Abilities, Weirdness & Mutations

You have razor-sharp teeth.
Your natural rate of healing is unusually fast.
When hurt, damage is shared between your health and your magic reserves.
Your bite disrupts and absorbs the magic of your enemies.
Potions and wands cannot restore your health.
You are immune to rotting.


Message History

Okay, then.
Okay, then.
Casting: Corona
Confirm with . or Enter, or press ? or * to list all spells.
Aiming: Ensorcelled Hibernation
Press: ? - help, Shift-Dir - straight line, f - killer bee
Aim: a killer bee (lightly wounded, umbra, chance to defeat MR: 50%)
You miscast Ensorcelled Hibernation.
You are very lightly contaminated with residual magic.
Nothing appears to happen.
The killer bee misses you. The killer bee stings you.
* * * LOW HITPOINT WARNING * * *
Casting: Ensorcelled Hibernation
Confirm with . or Enter, or press ? or * to list all spells.
Aiming: Ensorcelled Hibernation
Press: ? - help, Shift-Dir - straight line, f/p - killer bee
Aim: a killer bee (lightly wounded, umbra, chance to defeat MR: 50%)
The killer bee resists with some effort.
You block the killer bee's attack. The killer bee stings you!
You die...

... ... ... ...
...
############+##
..............+
(.............#
..W...$@......#
#...##.y..##.##
# #....#
$......
......%..
............
.............
..............


You could see a hungry ghost and a killer bee.

Vanquished Creatures
  A hippogriff (D:4)
  A yak (D:7)
  3 hogs (D:7)
  A human (D:7)
  A hornet zombie (Ossuary)
  A sky beast (D:5)
  Purgy (Sewer)
  A phantom (D:4)
  An ogre (D:7)
  4 centaurs
  A big kobold (D:8)
  A water moccasin zombie (Ossuary)
  Dowan (D:6)
  6 killer bees
  3 wights (D:7)
  2 crimson imps
  6 bullfrog zombies
  3 hounds
  3 orc priests (D:7)
  An orc wizard (D:7)
  An iguana (D:4)
  3 worker ants
  15 mummies (Ossuary)
  A hound zombie (Ossuary)
  2 worker ant zombies (Ossuary)
  A howler monkey zombie (Ossuary)
  A howler monkey skeleton (D:7)
  16 adders
  2 shadow imps
  An ooze (D:7)
  5 adder zombies
  A worm (D:2)
  9 leopard geckos
  9 orcs
  4 ball pythons
  8 bats
  5 giant cockroaches
  4 goblins
  4 hobgoblins
  3 jackals (D:4)
  2 quokkas
  12 frilled lizards
  A jackal zombie (Ossuary)
  9 kobolds
  A leopard gecko zombie (Ossuary)
  A quokka zombie (Ossuary)
  5 rats
168 creatures vanquished.

Vanquished Creatures (others)
  4 withered plants (Ossuary)
4 creatures vanquished.

Grand Total: 172 creatures vanquished

Notes
Turn   | Place    | Note
-------+----------+-------------------------------------------
     0 | D:1      | godfroggy the Vine Stalker Enchanter began the quest for the Orb.
     0 | D:1      | Reached XP level 1. HP: 9/9 MP: 4/4
   121 | D:1      | Reached skill level 1 in Short Blades
   322 | D:1      | Reached XP level 2. HP: 12/13 MP: 6/6
   650 | D:2      | Learned a level 2 spell: Ensorcelled Hibernation
   820 | D:1      | Reached skill level 2 in Short Blades
   867 | D:2      | Reached XP level 3. HP: 11/16 MP: 7/7
  1281 | D:2      | Found a sacrificial altar of Ru.
  2006 | D:3      | Found a snail-covered altar of Cheibriados.
  2016 | D:3      | Noticed Nebel's ghost (amateur MiFi)
  2114 | D:3      | Reached skill level 3 in Short Blades
  2114 | D:3      | Gained mutation: Your natural rate of healing is unusually fast. [Vine Stalker growth]
  2114 | D:3      | Reached XP level 4. HP: 17/21 MP: 5/8
  2278 | D:4      | Noticed a phantom
  2364 | D:4      | Killed a phantom
  2364 | D:4      | Reached skill level 4 in Short Blades
  2364 | D:4      | Reached XP level 5. HP: 13/24 MP: 4/9
  2410 | D:3      | Found an iron altar of Okawaru.
  2759 | D:3      | Reached skill level 5 in Short Blades
  2759 | D:3      | Reached XP level 6. HP: 17/28 MP: 7/10
  3272 | D:4      | Noticed a hippogriff
  3526 | D:4      | HP: 1/28 [iguana (11)]
  3935 | D:4      | Killed a hippogriff
  3935 | D:4      | Reached skill level 6 in Short Blades
  3935 | D:4      | Reached XP level 7. HP: 15/32 MP: 5/11
  3982 | D:5      | Entered Level 5 of the Dungeon
  3987 | D:5      | Learned a level 3 spell: Confuse
  4100 | D:5      | Found a glowing drain.
  4158 | Sewer    | Entered a sewer
  4244 | Sewer    | Noticed Purgy
  4311 | Sewer    | Killed Purgy
  4587 | D:5      | Found a staircase to the Ecumenical Temple.
  4596 | Temple   | Entered the Ecumenical Temple
  4843 | Temple   | Became a worshipper of Dithmenos the Shadowed
  4926 | D:5      | Reached skill level 7 in Short Blades
  5070 | D:5      | Gained mutation: You have razor-sharp teeth. [Vine Stalker growth]
  5070 | D:5      | Reached XP level 8. HP: 29/36 MP: 12/12
  5177 | D:6      | Noticed Dowan
  5180 | D:6      | Noticed Duvessa
  5412 | D:6      | Noticed Exporg's ghost (novice MiFi)
  5648 | D:6      | Killed Dowan
  5954 | D:7      | Found a sand-covered staircase.
  5994 | Ossuary  | Entered an ossuary
  6028 | Ossuary  | Reached skill level 5 in Hexes
  6072 | Ossuary  | Reached * piety under Dithmenos
  6093 | Ossuary  | Reached skill level 1 in Fighting
  6093 | Ossuary  | Reached skill level 1 in Armour
  6279 | Ossuary  | Reached XP level 9. HP: 42/42 MP: 15/15
  6285 | Ossuary  | Reached skill level 5 in Stealth
  6599 | D:7      | Found Bituqi's Magic Scroll Boutique.
  6602 | D:7      | Bought a scroll of identify for 26 gold pieces
  6602 | D:7      | Bought a scroll of identify for 26 gold pieces
  6602 | D:7      | Bought a scroll of blinking for 97 gold pieces
  6602 | D:7      | Bought a scroll of identify for 26 gold pieces
  6602 | D:7      | Bought a scroll of enchant armour for 97 gold pieces
  6697 | D:7      | Reached ** piety under Dithmenos
  6697 | D:7      | Reached skill level 1 in Shields
  6707 | D:7      | Found Ackic's Book Boutique.
  6744 | D:7      | Found a blossoming altar of Fedhas.
  6789 | D:7      | Found Edesitz's Distillery.
  6879 | D:7      | Found Ubyelul's Assorted Antiques.
  6900 | D:7      | Found Wexta's Antique Armour Shop.
  7500 | D:7      | Reached skill level 5 in Shields
  7748 | D:8      | Found a shimmering altar of Xom.
  7748 | D:8      | Found a shimmering altar of Xom.
  7748 | D:8      | Found a shimmering altar of Xom.
  7755 | D:8      | Found a shimmering altar of Xom.
  7755 | D:8      | Found a shimmering altar of Xom.
  7755 | D:8      | Found a shimmering altar of Xom.
  7755 | D:8      | Found a shimmering altar of Xom.
  7977 | D:8      | Reached XP level 10. HP: 36/47 MP: 12/16
  8109 | D:8      | Slain by a killer bee

Skill      XL: |  1  2  3  4  5  6  7  8  9 |
---------------+----------------------------+-----
Short Blades   | 1 2 3 4 5 6 7 |  7.5
Stealth        | 4 5 |  5.3
Dodging        | 2 3 |  3.4
Hexes          | 4 5 |  5.0
Spellcasting   | 3 |  3.8
Fighting       | 2 |  2.6
Armour         | 1 2 |  2.8
Shields        | 6 |  6.3

Action                   |  1- 3 |  4- 6 |  7- 9 | 10-12 || total
-------------------------+-------+-------+-------+-------++-------
Melee: Dagger            |   131 |    86 |    43 |       ||   260
       Bite              |    22 |    44 |   151 |     6 ||   223
       Rapier            |       |    98 |   458 |    25 ||   581
 Cast: Corona            |     5 |     3 |     1 |       ||     9
       Ensorcelled Hiber |       |     3 |    15 |     1 ||    19
       Confuse           |       |       |     6 |       ||     6
  Use: Scroll            |     5 |     3 |    13 |       ||    21
       Potion            |       |       |     3 |     2 ||     5
 Stab: Sleeping          |     7 |     6 |    17 |       ||    30
       Distracted        |     1 |       |     6 |       ||     7
  Eat: Chunk             |     3 |     6 |    17 |       ||    26
Armor: Robe              |    34 |    36 |   109 |    17 ||   196
Dodge: Dodged            |    89 |    83 |   289 |    77 ||   538
Block: Buckler           |       |       |    60 |    39 ||    99
